 Dungeon Crawl Stone Soup version 0.28-a0-1506-g3893175d92 (webtiles) character file.

Game seed: 1418510359591217455

10184 a3don the Basher (level 11, -9/71 HPs)
             Began as a Gargoyle Fighter on Jan 13, 2022.
             Was a Believer of Makhleb.
             Mangled by Snorg (14 damage)
             ... on level 3 of the Lair of Beasts.
             The game lasted 00:29:45 (9948 turns).

a3don the Basher (Gargoyle Fighter)                 Turns: 9948, Time: 00:29:47

Health: -9/71      AC: 25    Str: 24    XL:     11   Next: 58%
Magic:  12/12      EV:  7    Int: 12    God:    Makhleb [**....]
Gold:   763        SH:  6    Dex:  9    Spells: 10/10 levels left

rFire   . . .      SeeInvis .   a - +8 mace "Toamo" {venom, Contam rC+ rCorr Int+3}
rCold   + . .      Faith    .   c - +0 buckler
rNeg    + . .      Spirit   .   Y - +0 plate armour
rPois   ∞          Reflect  .   (no helmet)
rElec   +          Harm     .   X - +0 cloak
rCorr   +          Rampage  .   (no gloves)
Will    .....                   L - +0 pair of boots
Stlth   ..........              s - amulet of regeneration
HPRegen 1.01/turn               e - ring of resist corrosion
MPRegen 0.13/turn               g - ring of flight

@: mighty, flying
A: sickness immunity, AC +8, negative energy resistance 1, electricity
resistance, torment resistance 1, petrification resistance
a: Renounce Religion, Minor Destruction


You were on level 3 of the Lair of Beasts.
You worshipped Makhleb.
Makhleb was pleased with you.
You visited 3 branches of the dungeon, and saw 14 of its levels.

You collected 763 gold pieces.

Inventory:

Hand Weapons
 a - the +8 mace "Toamo" (weapon) {venom, Contam rC+ rCorr Int+3}
   (You found it on level 3 of the Dungeon)

   It poisons the flesh of those it strikes.
   Int:       It affects your intelligence (+3).
   rC:        It protects you from cold.
   Contam:    It causes magical contamination when unequipped.
   rCorr:     It protects you from acid and corrosion.
 p - a +0 hunting sling
 t - a +2 dagger of venom
 u - a +0 war axe
 F - a +0 hand crossbow
 M - a +4 halberd
 S - a +0 fustibalus
Missiles
 q - 31 sling bullets
 z - 8 poisoned darts (quivered)
 V - 6 atropa-tipped darts
Armour
 b - a +0 scale mail
 c - a +0 buckler (worn)
 L - a +0 pair of boots (worn)
 N - an orb of light
 X - a +0 cloak (worn)
 Y - a +0 plate armour (worn)
Magical Staves
 D - a staff of cold
 G - a staff of poison
Jewellery
 e - a ring of resist corrosion (left hand)
 g - a ring of flight (right hand)
 s - an amulet of regeneration (around neck)
 B - a ring of ice
 K - an amulet of magic regeneration
 W - a ring of wizardry
Wands
 y - a wand of mindburst (29)
 H - a wand of paralysis (9)
 O - a wand of flame (7)
 R - a wand of acid (3)
Scrolls
 h - a scroll of fog {unknown}
 j - 2 scrolls of torment
 k - a scroll of enchant armour {unknown}
 n - a scroll of magic mapping {unknown}
 r - 2 scrolls of summoning
 A - a scroll of noise {unknown}
 C - 4 scrolls of amnesia {unknown}
 I - 3 scrolls of identify
 J - a scroll of holy word {unknown}
 P - a scroll of enchant weapon {unknown}
 Q - a scroll of fear {unknown}
 U - a scroll of teleportation {unknown}
Potions
 d - 5 potions of might
 f - 2 potions of brilliance
 i - 2 potions of attraction
 m - 3 potions of magic
 o - 2 potions of resistance {unknown}
 v - a potion of ambrosia {unknown}
 w - a potion of degeneration
 E - 2 potions of mutation
 T - a potion of heal wounds {unknown}


   Skills:
 + Level 9.5 Fighting
 - Level 2.8(6.9) Axes
 * Level 10.8(11.0) Maces & Flails
 + Level 9.4 Armour
 + Level 9.5 Shields
 + Level 1.8 Invocations


You had 10 spell levels left.
You didn't know any spells.
Your spell library contained the following spells:

 Spells                   Type           Power      Damage    Failure   Level
 Slow                     Hex            0%         N/A       99%         1
 Confusing Touch          Hex            0%         N/A       100%        3
 Dazzling Flash           Conj/Hex       0%         N/A       100%        3
 Vampiric Draining        Necr           0%         2d6       100%        3
 Iskenderun's Mystic Bla  Conj/Tloc      0%         2d3       100%        4
 Leda's Liquefaction      Hex/Erth       0%         N/A       100%        4
 Fireball                 Conj/Fire      0%         3d3       100%        5
 Lee's Rapid Deconstruct  Erth           0%         3d5*      100%        5
 Starburst                Conj/Fire      0%         6d3       100%        6
 Ignition                 Fire           0%         3d3       100%        8
 Statue Form              Tmut/Erth      Unusable   N/A       N/A         6

Dungeon Overview and Level Annotations

Branches:
Dungeon (10/15)            Temple (1/1) D:6            Lair (3/6) D:8
  Swamp: Lair:2-4    Shoals: Lair:2-4     Snake: Lair:2-4    Spider: Lair:2-4
    Orc: D:9-12

Altars:
Ashenzari
Cheibriados
Dithmenos
Elyvilon
Fedhas
Gozag
Hepliaklqana
Kikubaaqudgha
Makhleb
Nemelex Xobeh
Okawaru
Qazlal
Ru
Sif Muna
Trog
Uskayaw
Vehumet
Wu Jian
Xom
Yredelemnul
Zin
The Shining One

Shops:
D:1 [

Annotations:
D:7 !maggie!!!!!, Maggie
D:9 cane toad
Lair:3 1 runed translucent door, Snorg; kaffeinatedkobold's ghost, journeyman TrHu


Innate Abilities, Weirdness & Mutations

You are immune to sickness and miasma.
Your stone body is resilient. (AC +8)
You are immune to poison.
You resist negative energy. (rN+)
You are resistant to electric shocks. (rElec)
You are resistant to unholy torment.
You are immune to petrification.


Message History

The water moccasin bites you. Snorg bites you but does no damage.
You block Snorg's attack. Snorg claws you but does no damage.
You see here a redback corpse.
The water moccasin bites you but does no damage.
Snorg bites you but does no damage. Snorg claws you but does no damage.
Snorg barely misses you.
The water moccasin bites you but does no damage.
You block the water moccasin's attack. Snorg bites you but does no damage.
Snorg claws you!
* * * LOW HITPOINT WARNING * * *
You block Snorg's attack. The komodo dragon bites you!
* * * LOW HITPOINT WARNING * * *
The spriggan shouts!
The water moccasin bites you but does no damage.
The komodo dragon bites you!
* * * LOW HITPOINT WARNING * * *
Snorg barely misses you. Snorg completely misses you. You block Snorg's attack.
The water moccasin bites you.
* * * LOW HITPOINT WARNING * * *
There is a stone staircase leading down here.
The polar bear growls angrily.
You feel better. Snorg bites you.
* * * LOW HITPOINT WARNING * * *
Snorg barely misses you. Snorg claws you.
* * * LOW HITPOINT WARNING * * *
Snorg bites you but does no damage. You block Snorg's attack.
Snorg claws you but does no damage.
Aiming: Paralyse
Press: ? - help, Shift-Dir - straight line, f - Snorg
Aim: Snorg (severely wounded, berserk, very poisoned, chance to affect: 17%)
Okay, then.
Aiming: Corrosive Bolt
Press: ? - help, Shift-Dir - straight line, f - Snorg
Aim: Snorg (severely wounded, berserk, very poisoned, 71% to hit)
The bolt of acid hits Snorg.
The acid corrodes Snorg!
Snorg is severely wounded.
The water moccasin barely misses you. Snorg bites you!
You die...

...........##
....<......#♣♣...♣...♣♣ ......
..........##♣i♣hWi....♣ .#....
##........# i###+###.♣ ..F...
#..≈##...#####8...8####.#....
#.#≈≈≈...#..........#........
#..#.≈.....................s.
#.......................P....
................@.....<........
..........###.#S#T...#...#.....
..........###........#..P#...#
................≈≈≈≈......#..####
)........P.....≈≈#≈.............
..............≈≈≈≈......#......
#...........#..†...............
#...#..#...##..........##...#
#.#.#.#.#.#.##.....#...#


You could see Snorg (berserk, very poisoned, corroded), a spriggan rider, a
polar bear, a water moccasin, 2 spriggans and kaffeinatedkobold's ghost.

Vanquished Creatures
  2 hydras (Lair:3)
  2 black mambas (Lair:2)
  2 rime drakes (Lair:1)
  5 cane toads
  A komodo dragon (Lair:1)
  A polar bear (Lair:2)
  Prince Ribbit (D:5)
  4 blink frogs
  A jumping spider (Lair:3)
  2 wraiths (D:9)
  A redback (Lair:3)
  A basilisk (Lair:3)
  2 wyverns
  A steam dragon (D:8)
  2 vampire mosquitoes
  9 water moccasins
  Duvessa (D:7)
  3 orc warriors
  A black bear (D:6)
  2 sky beasts (D:5)
  6 centaurs
  A kobold brigand (D:6)
  A scorpion (D:6)
  7 bullfrogs
  Dowan (D:7)
  A wyvern skeleton (D:7)
  4 wights (D:9)
  A howler monkey (D:5)
  3 centaur zombies
  A jelly (D:8)
  An orc priest (D:6)
  A centaur skeleton (D:5)
  A gnoll shaman (D:4)
  3 iguanas
  4 orc wizards
  2 killer bee zombies
  3 hound skeletons
  6 gnolls
  7 adders
  2 white imps
  3 dart slugs
  22 orcs
  5 endoplasms
  4 giant cockroaches
  12 goblins
  3 hobgoblins
  A jackal (D:3)
  9 kobolds
  4 quokkas
  5 ball pythons
  10 bats
  6 frilled lizards
  6 rats
190 creatures vanquished.

Vanquished Creatures (others)
  6 fungi
  10 plants
16 creatures vanquished.

Grand Total: 206 creatures vanquished

Notes
Turn   | Place    | Note
-------+----------+-------------------------------------------
     0 | D:1      | a3don the Gargoyle Fighter began the quest for the Orb.
     0 | D:1      | Reached XP level 1. HP: 14/14 MP: 1/1
    71 | D:1      | Reached XP level 2. HP: 19/19 MP: 2/2
   482 | D:1      | Found Roomubus's Armour Shop.
   855 | D:2      | Reached XP level 3. HP: 20/23 MP: 3/3
   947 | D:2      | Reached XP level 4. HP: 29/29 MP: 4/4
  2136 | D:3      | Found a faded altar of an unknown god.
  2752 | D:3      | Reached XP level 5. HP: 33/33 MP: 5/5
  2954 | D:3      | Identified the +8 mace "Toamo" {venom, Contam rC+ rCorr
                  | Int+3}
  3058 | D:4      | Reached skill level 1 in Maces & Flails
  3067 | D:4      | Reached XP level 6. HP: 25/39 MP: 6/6
  3199 | D:4      | Found a radiant altar of Vehumet.
  3548 | D:4      | Reached skill level 2 in Maces & Flails
  3996 | D:4      | Identified the +3 leather armour of Oxkeosh {*Corrode rElec
                  | Int+2}
  4059 | D:5      | Entered Level 5 of the Dungeon
  4060 | D:5      | Noticed a sky beast
  4077 | D:5      | Killed a sky beast
  4102 | D:5      | Reached XP level 7. HP: 44/44 MP: 7/7
  4131 | D:5      | Reached skill level 5 in Fighting
  4131 | D:5      | Reached skill level 3 in Maces & Flails
  4131 | D:5      | Reached skill level 5 in Armour
  4131 | D:5      | Reached skill level 5 in Shields
  4273 | D:5      | Noticed Prince Ribbit
  4296 | D:5      | Killed Prince Ribbit
  4297 | D:5      | Reached skill level 4 in Maces & Flails
  4729 | D:6      | Reached XP level 8. HP: 43/50 MP: 8/8
  4802 | D:6      | Reached skill level 5 in Maces & Flails
  4979 | D:6      | Found a staircase to the Ecumenical Temple.
  4999 | Temple   | Entered the Ecumenical Temple
  5110 | Temple   | Became a worshipper of Makhleb the Destroyer
  5814 | D:7      | Noticed Duvessa
  5819 | D:7      | Noticed Dowan
  5821 | D:7      | Killed Duvessa
  5830 | D:7      | Killed Dowan
  5994 | D:7      | Reached skill level 6 in Maces & Flails
  5994 | D:7      | Reached XP level 9. HP: 52/56 MP: 9/9
  6099 | D:7      | Noticed Maggie
  6524 | D:8      | Found a staircase to the Lair.
  6753 | D:9      | Reached skill level 7 in Maces & Flails
  7426 | D:9      | Reached * piety under Makhleb
  7464 | D:10     | Entered Level 10 of the Dungeon
  7479 | D:10     | Noticed a freezing wraith
  7483 | D:10     | Noticed a death knight
  7546 | Lair:1   | Entered Level 1 of the Lair of Beasts
  7546 | Lair:1   | Noticed a cane toad
  7573 | D:8      | Reached skill level 8 in Maces & Flails
  7573 | D:8      | Reached XP level 10. HP: 41/63 MP: 10/10
  7934 | Lair:1   | Noticed a cane toad
  7940 | Lair:1   | Killed a cane toad
  8057 | Lair:1   | Reached skill level 9 in Maces & Flails
  8400 | Lair:2   | Identified the +2 trident of Amortisation {freeze, Int-2
                  | Dex+4}
  8448 | Lair:2   | Noticed a cane toad
  8464 | Lair:2   | Killed a cane toad
  8565 | Lair:2   | Noticed a cane toad
  8572 | Lair:2   | Killed a cane toad
  8642 | Lair:2   | Noticed a cane toad
  8653 | Lair:2   | Killed a cane toad
  8747 | Lair:2   | Noticed a black mamba
  8758 | Lair:2   | Killed a black mamba
  8914 | Lair:2   | Reached XP level 11. HP: 69/69 MP: 11/11
  9230 | Lair:3   | Found a runed translucent door.
  9231 | Lair:3   | Noticed kaffeinatedkobold's ghost (journeyman TrHu)
  9266 | Lair:3   | Identified the +9 spear "Bugot" {flame, rF+ Int-4 Dex+5}
  9266 | Lair:3   | Noticed a spriggan rider
  9274 | Lair:2   | Reached skill level 10 in Maces & Flails
  9368 | Lair:3   | Noticed a six-headed hydra
  9373 | Lair:3   | Reached ** piety under Makhleb
  9408 | Lair:3   | Killed a six-headed hydra
  9810 | Lair:3   | Reached skill level 1 in Invocations
  9830 | Lair:3   | Noticed a four-headed hydra
  9846 | Lair:3   | Killed a four-headed hydra
  9920 | Lair:3   | Noticed Snorg
  9948 | Lair:3   | Mangled by Snorg

Illustrated notes

Levels and vault maps discovered:
D:1:      wander_arrival_peaceful_grave, layout_basic, serial_shops, shop_coins
D:2:      layout_loops_ring
D:3:      minmay_octagon_keep, layout_loops_corners,
          chequers_ecumenical_altar_simple
D:4:      layout_loops_corners, mainiacjoe_overflow_concentric_impassable,
          dk_noncrumbling_2, kennysheep_pointless_box, hangedman_decor_riveting
D:5:      layout_cave_pools, serial_bayou_lagoon_b, uniq_prince_ribbit1
D:6:      minmay_chambers_of_fours, layout_basic, temple_fountains,
          nicolae_concentric_dashed_squares_wild
D:7:      layout_loops_ring, uniq_duvessa, uniq_maggie, uniq_joseph
D:8:      layout_gridville, lair_entry_dummy, amethyst_killhole
D:9:      layout_loops_corners, minmay_crystal_room
D:10:     layout_loops_ring, hangedman_decor_peaks_small
Temple:   kilobyte_greek_temple
Lair:1:   layout_gridlike
Lair:2:   layout_chaotic_city, lemuel_fruit_fields, lemuel_fruit_fields
Lair:3:   layout_gridlike, minmay_swamp_entry_swarm, spider_nest_entry_a,
          ebering_ghost_funeral_grove, st_stairs_13, uniq_snorg

Skill      XL: |  1  2  3  4  5  6  7  8  9 10 11 |
---------------+----------------------------------+-----
Axes           | 2 |  2.8
Shields        | 4 5 6 7 8 9 |  9.5
Armour         | 4 5 6 7 8 9 |  9.4
Fighting       | 4 5 6 7 8 9 |  9.5
Maces & Flails | 1 2 4 6 8 9 10 | 10.8
Invocations    | 1 |  1.8

Action                   |  1- 3 |  4- 6 |  7- 9 | 10-12 || total
-------------------------+-------+-------+-------+-------++-------
Melee: War axe           |    74 |   162 |       |       ||   236
       Mace              |       |    70 |   227 |   202 ||   499
Evoke: Wand              |       |       |     2 |     6 ||     8
  Use: Scroll            |       |       |     5 |     2 ||     7
       Potion            |       |       |     2 |     5 ||     7
Armor: Scale mail        |    60 |   115 |   131 |    52 ||   358
       Plate armour      |       |       |       |   142 ||   142
Dodge: Dodged            |    51 |   124 |   117 |   104 ||   396
Block: Buckler           |    18 |    52 |    56 |    88 ||   214

Table legend: (Time is in decaauts)
 A = Elapsed time spent in this place.
 B = Non-inter-level travel time spent in this place.
 C = Inter-level travel time spent in this place.
 D = Time resting spent in this place.
 E = Time spent auto-exploring this place.
 F = Levels seen in this place.
 G = Mean time per level.
                   A        B        C        D        E       F      G
               +--------+--------+--------+--------+--------+-----+--------+
         Total |  10072 |   9582 |    490 |   1168 |   6463 |  14 |  719.4 |
       Dungeon |   7625 |   7289 |    336 |    674 |   5230 |  10 |  762.5 |
        Temple |    147 |    111 |     36 |      0 |    103 |   1 |  147.0 |
          Lair |   2299 |   2181 |    118 |    494 |   1130 |   3 |  766.3 |
               +--------+--------+--------+--------+--------+-----+--------+

Top non-repeatable levels by time:
     D:3: 1432 daAuts
  Lair:2: 1306 daAuts
     D:2: 1060 daAuts
     D:4: 1041 daAuts
     D:6: 979 daAuts
     D:9: 882 daAuts
  Lair:1: 766 daAuts
     D:8: 648 daAuts
     D:1: 642 daAuts
     D:5: 575 daAuts
     D:7: 355 daAuts
  Lair:3: 226 daAuts
  Temple: 147 daAuts
    D:10: 8 daAuts
